cohdb
Replays
Latest Replays
All Replays
Popular Replays
Top Player Replays
Match Explorer
How It Works
Community
CoH3 Stats
Reddit
Sign in to upload your games and track your stats! →
Sign in with Steam
Match 41222757
Unlisted
Match 41222757
Overview
Messages
Build Orders
End
Panzergrenadier Squad
Panzergrenadier Squad
250 Light Carrier
Construct Light Support Kompanie
Assault Grenadier Squad
MG34 Team
Panzerjäger Mechanized Group
Fire Support Elements
Selects Italian Combined Arms Battlegroup
Selects Semovente da 75/18 Assault Gun
Selects Carro Armato M13/40 Light Tank
Carro Armato M13/40 Light Tank
2.5-tonne Medical Truck
Semovente da 75/18 Assault Gun
AI Takeover
カルト_くん
bibotot1995
FooKilla
CAuMOH
0
0
Comments
sign in to comment!
No comments posted yet!